 Dungeon Crawl Stone Soup version 0.24.0-13-gcf9b3192b9 (webtiles) character file.

Game seed: 2719320550939666743, levelgen mode: deterministic

158 Gumption the Conjurer (level 5, 0/31 HPs)
             Began as an Octopode Conjurer on Nov 6, 2019.
             Slain by an orc wizard
             ... wielding a +0 dagger
              (2 damage)
             ... on level 3 of the Dungeon.
             The game lasted 00:20:08 (3158 turns).

Gumption the Conjurer (Octopode Conjurer)           Turns: 3158, Time: 00:20:08

Health: 0/31       AC:  1    Str:  8    XL:     5   Next: 39%
Magic:  2/10       EV: 13    Int: 18    God:
Gold:   81         SH:  0    Dex: 12    Spells: 5/11 levels left

rFire    . . .     SeeInvis .   a - +0 dagger
rCold    . . .     Gourm    .   (no shield)
rNeg     . . .     Faith    .   (helmet restricted)
rPois    .         Spirit   .   (no amulet)
rElec    .         Reflect  .   (no ring)
rCorr    .         Harm     .   (no ring)
MR       .....                  (no ring)
Stlth    ++........             (no ring)
HPRegen  0.10/turn              (no ring)
MPRegen  0.12/turn              (no ring)
                                (no ring)
                                (no ring)

@: confused, heavily drained
A: almost no armour, stealthy swim, amphibious, 8 rings, constrict 8, camouflage
1, gelatinous body 1
a: no special abilities


You were on level 3 of the Dungeon.
You were hungry.

You visited 1 branch of the dungeon, and saw 3 of its levels.

You collected 81 gold pieces.

Inventory:

Hand Weapons
 a - a +0 dagger (weapon)
Missiles
 b - 40 stones
 i - 32 poisoned darts (quivered)
Scrolls
 c - 4 scrolls of identify
 d - a scroll of remove curse
 f - a scroll of fear {unknown}
 g - 2 scrolls of teleportation {unknown}
 h - 4 scrolls of magic mapping
 l - a scroll of blinking {unknown}
Potions
 j - 2 potions of berserk rage
 k - a potion of lignification
 n - 3 potions of agility
 p - a potion of flight
Comestibles
 e - 7 rations


   Skills:
 + Level 3.0(1.7) Dodging
 + Level 4.1(2.7) Stealth
 * Level 3.5(2.1) Spellcasting
 + Level 4.5(3.2) Conjurations


You had 5 spell levels left.
You knew the following spells:

 Your Spells              Type           Power        Failure   Level  Hunger
a - Magic Dart            Conj           ##..         4%          1    #......
b - Searing Ray           Conj           ##....       7%          2    ###....
c - Dazzling Spray        Conj/Hex       #.....       28%         3    ###....

Your spell library contained the following spells:

 Spells                   Type           Power        Failure   Level  Hunger
 Iskenderun's Mystic Bla  Conj           ##......     43%         4    #####..
 Force Lance              Conj/Tloc      #.......     67%         4    #####..
 Fulminant Prism          Conj/Hex       #.........   67%         4    #####..


Dungeon Overview and Level Annotations

Branches:
Dungeon (3/15)

Altars:


Innate Abilities, Weirdness & Mutations

You cannot wear most types of armour.
You are very stealthy in the water. (Stealth+)
You are amphibious.
You can wear up to eight rings at the same time.
You can use your tentacles to constrict eight enemies at once.
Your skin changes colour to match your surroundings (Stealth+).
Your rubbery body absorbs attacks. (AC +1, EV +1)


Message History

You hit something. Something hits you. The orc hits you with a +0 club.
You miss something.
You hear some strange, mumbled words.
You are confused.
The orc closely misses you.
Your magical contamination has completely faded away.
You're too confused to move!
You feel a little less agile now.
You hear some strange, mumbled words.
You are more confused.
The orc closely misses you.
You closely miss something.
You hear some strange, mumbled words.
A magic dart appears from out of thin air!
The magic dart hits you!
* * * LOW HITPOINT WARNING * * *
The orc hits you with a +0 club.
* * * LOW HITPOINT WARNING * * *
Something hits you.
You die...

####.#....[.##..........###
.....#.###..###.#####...#
######.# #.#...## #...# #.#
#.##.## #...# ######.#
#....# #...####### .......#
###..# #.........# .......#
#..#######...#####.###
.......#
#....(o.............#.
รท......#
#....@{...............
......##
#.#(...(....">......#.
......#
#.########...#####.##.
..)...# #.# #.........###
####### #.# #...####### #.#
#o..# # #########.# #...# #
####......##.# #>..# #
.......##.##.########...##
#


You could see an orc.

Vanquished Creatures
  A hound (D:3)
  An orc wizard (D:3)
  3 gnolls (D:3)
  3 adders
  A worm (D:2)
  2 leopard geckos
  2 orcs (D:3)
  5 giant cockroaches
  4 goblins
  7 hobgoblins
  4 kobolds
  2 quokkas (D:2)
  A ball python (D:3)
  3 bats
  3 frilled lizards
  4 rats
46 creatures vanquished.

Notes
Turn   | Place    | Note
-------+----------+-------------------------------------------
     0 | D:1      | Gumption the Octopode Conjurer began the quest for the Orb.
     0 | D:1      | Reached XP level 1. HP: 11/11 MP: 3/3
   261 | D:1      | Reached XP level 2. HP: 17/17 MP: 1/5
   311 | D:1      | Learned a level 2 spell: Searing Ray
  1222 | D:2      | Reached XP level 3. HP: 21/21 MP: 3/6
  1227 | D:2      | Learned a level 3 spell: Dazzling Spray
  2412 | D:3      | Reached XP level 4. HP: 13/27 MP: 2/8
  2839 | D:3      | Reached XP level 5. HP: 28/31 MP: 2/9
  3158 | D:3      | Slain by an orc wizard

Levels and vault maps discovered:
D:1:      mrwooster_arrival_arrow, layout_basic
D:2:      layout_basic, serial_rivers, chequers_serial_rivers_micro_e,
          chequers_serial_rivers_micro_c, chequers_serial_rivers_small_a,
          chequers_serial_rivers_marsh, chequers_serial_rivers_micro_a,
          chequers_serial_rivers_micro_b, st_stairs_9,
          chequers_serial_rivers_micro_e, grunt_ministairs_5
D:3:      layout_loops_cross, first_ration, uniq_crazy_yiuf_cottage

Skill      XL: |  1  2  3  4  5 |
---------------+----------------+-----
Stealth        | 3 4 |  4.1
Spellcasting   | 3 |  3.5
Dodging        | 3 |  3.0
Conjurations   | |  4.5

Action                   |  1- 3 |  4- 6 || total
-------------------------+-------+-------++-------
Melee: Unarmed           |     5 |       ||     5
       Constrict         |     5 |     1 ||     6
       Tentacles         |     4 |     1 ||     5
       Dagger            |    17 |    27 ||    44
Throw: Dart              |     6 |     5 ||    11
 Cast: Magic Dart        |    61 |    25 ||    86
       Searing Ray       |       |     2 ||     2
  Use: Scroll            |     4 |       ||     4
       Potion            |       |     4 ||     4
 Stab: Sleeping          |     3 |       ||     3
  Eat: Chunk             |     5 |     2 ||     7
Armor: Skin              |     2 |    50 ||    52
Dodge: Dodged            |    14 |    15 ||    29
